 Dungeon Crawl Stone Soup version 0.31-a0-174-g85c54bcb58 (console) character file.

Game seed: 8264755888455257755

1 petzl the Sneak (level 1, -3/18 HPs)
             Began as a Formicid Delver on June 15, 2023.
             Slain by an orc priest
             ... wielding a +0 hand axe
              (6 damage)
             ... on level 6 of the Dungeon.
             The game lasted 00:02:34 (356 turns).

petzl the Sneak (Formicid Delver)                    Turns: 356, Time: 00:02:34

Health: -3/18      AC:  3    Str: 16    XL:     1   Next: 22%
Magic:  1/1        EV: 12    Int:  9    God:
Gold:   14         SH:  0    Dex: 15    Spells: 0/0 levels left

rFire   . . .        a - +0 mace
rCold   . . .        (no shield)
rNeg    . . .        b - +0 leather armour
rPois   .            (helmet unavailable)
rElec   .            (no cloak)
rCorr   .            (no gloves)
SInv    +            (no boots)
Will    .....        (no amulet)
Stlth   +++          (no ring)
HPRegen 0.23/turn    (no ring)
MPRegen 0.07/turn

%: no passive effects
@: no status effects
A: permanent stasis, dig shafts and tunnels, antennae 3, four strong arms
a: Dig, Shaft Self


You were on level 6 of the Dungeon.
You visited 1 branch of the dungeon, and saw 4 of its levels.

You collected 14 gold pieces.

Inventory:

Hand Weapons
 a - a +0 mace (weapon)
Armour
 b - a +0 leather armour (worn)
Wands
 f - a wand of digging (3)
Scrolls
 d - a scroll of revelation
 e - a scroll of fear
 g - a scroll of identify {unknown}
 i - a scroll of teleportation {unknown}
Potions
 c - a potion of magic {unknown}
 h - a potion of ambrosia {unknown}


   Skills:
 + Level 3.3 Fighting
 + Level 2.0 Maces & Flails
 + Level 1.8 Dodging
 + Level 6.0 Stealth


You couldn't memorise any spells.
You didn't know any spells.
Your spell library was empty.

Dungeon Overview and Level Annotations

Branches:
Dungeon (7/15)
 Temple: D:4-7

Altars:
Xom

Annotations:
D:4 Natasha
D:6 exclusion: 2 downstairs


Innate Abilities, Weirdness & Mutations

You cannot be hasted, slowed, berserked, paralysed or teleported.
You can dig through walls and to a lower floor.
You have a pair of large antennae on your head. (SInv)
Your four strong arms can wield two-handed weapons with a shield.


Message History

Level annotation: exclusion: 2 downstairs You hear the rusting of a very distant drain.
There is a stone staircase leading up here.
You climb upwards.
There is a stone staircase leading down here.
There is a stone staircase leading up here.
You climb upwards.
Level annotation: Natasha
There is a stone staircase leading down here.
Found a yellow potion.
Found a stone staircase leading down.
c - a yellow potion
There is a stone staircase leading down here.
You climb downwards.
Found a stone staircase leading down.
There is a stone staircase leading up here.
Found an escape hatch in the floor.
There is a stone staircase leading down here.
You climb downwards.
You hear the sound of rushing water.
There is an entrance to a sewer on this level.
Hurry and find it before the portal rusts away!
Level annotation: exclusion: 2 downstairs You hear the brisk rusting of a very distant drain.
There is a stone staircase leading up here. 2 orcs come into view.
The helpless orc priest fails to defend itself.
You sock the orc priest!
The orc priest is heavily wounded.
The orc priest casts a cantrip, but nothing happens.
The orc shouts!
You completely miss the orc priest.
The orc priest is heavily wounded.
You hear a shout! x3
The orc priest calls down the wrath of Beogh upon you.
Beogh smites you!
Ouch! That really hurt!
* * * LOW HITPOINT WARNING * * *
An orc warrior comes into view. It is wielding a +0 long sword.
The orc priest hits you with a +0 hand axe.
You die... ≈~ {{{ .. .# .# .### ooo

{ #.#####o# ##
.# #....<@.# .#F
.# ######### #
.#.##.# #.
.....# ..
##.!.F...###...{
{ ...#.#........
{ ...#.......o
#.#.####
#..>...#
#.#.##.#...
#.#.......#
#.#.##.##.#
#.#.# # #
###.#.# #.....#
###.###.#
......#.#
###.#.#.#
#.#.#.#


You could see an orc warrior, an orc priest and 2 orcs.

Vanquished Creatures
  A quokka (D:5)
1 creature vanquished.

Notes
Turn   | Place    | Note
-------+----------+-------------------------------------------
     0 | D:5      | petzl the Formicid Delver began the quest for the Orb.
     0 | D:5      | Reached XP level 1. HP: 18/18 MP: 1/1
    50 | D:7      | Noticed a gnoll sergeant
    77 | D:7      | Noticed a wight
    80 | D:6      | Noticed a bullfrog
    80 | D:6      | Noticed an orc wizard
    81 | D:6      | Noticed a bullfrog
   118 | D:5      | Noticed an ice beast
   174 | D:5      | Found a shimmering altar of Xom.
   243 | D:4      | Noticed Natasha
   243 | D:4      | Noticed an ogre
   298 | D:4      | Noticed a phantom
   303 | D:4      | You fall into a shaft and drop 2 floors!
   353 | D:6      | Noticed an orc priest
   356 | D:6      | Noticed an orc warrior
   356 | D:6      | Slain by an orc priest

Illustrated notes

Levels and vault maps discovered:
D:4:      layout_basic, minivault_24, guppyfry_shop_venom, uniq_natasha
D:5:      layout_loops_ring, mainiacjoe_overflow_tiny_flanked, serial_demonic,
          serial_demonic_e, serial_demonic_c, serial_demonic_e,
          serial_demonic_g, serial_bayou_pond_b
D:6:      lemuel_castle_with_subvaults [lemuel_castle_interior_carwin_1],
          layout_loops_cross, nicolae_overflow_quartered_altars,
          minmay_temple_entry_crystal_x, cheibrodos_sewer_entry_bend,
          minmay_misc_feat_four_crosses, kennysheep_small_square, uniq_duvessa
D:7:      layout_basic, uniq_pikel

Action                     || total
---------------------------++-------
  Melee: Mace              ||     3
Ability: Shaft Self        ||     1
    Use: Scroll            ||     1
   Stab: Sleeping          ||     1

Table legend: (Time is in decaauts)
 A = Elapsed time spent in this place.
 B = Non-inter-level travel time spent in this place.
 C = Inter-level travel time spent in this place.
 D = Time resting spent in this place.
 E = Time spent auto-exploring this place.
 F = Levels seen in this place.
 G = Mean time per level.
                   A        B        C        D        E       F      G
               +--------+--------+--------+--------+--------+-----+--------+
         Total |    358 |    358 |      0 |      0 |     31 |   4 |   89.5 |
       Dungeon |    358 |    358 |      0 |      0 |     31 |   4 |   89.5 |
               +--------+--------+--------+--------+--------+-----+--------+

Top non-repeatable levels by time:
     D:5: 177 daAuts
     D:4: 110 daAuts
     D:6: 56 daAuts
     D:7: 13 daAuts
